AoeStats
← lamanito6

Hill Fort

507012759Analyzed
4v4 RM · 16d ago on Sep 16, 2026· 44m 24s· 8 players
Game mode
Random Map
Map size
Large (8 player)
Population
200
Speed
Normal
Resources
Standard
Victory
Conquest
Starting age
Dark Age
Ending age
Imperial Age
RankedLock teamsTeams togetherTeam positionsShared explorationLock speedFull tech treeHidden civsTurbo modeCheats
Victory
Defeat
🇪🇸 Georgians · Spain
1152
+12
🇹🇷 Cumans · Türkiye
1147
+12
🇲🇽 Khmer · Mexico
1027
+17
🇨🇿 Portuguese · Czechia
1026
+18
🇨🇳 Tatars · China
1125
-17
🇨🇳 Jurchens · China
1099
-16
🇨🇳 Magyars · China
1010
-13
🇨🇳 Spanish · China
1006
-13
天道
11:21 Feudal Age
16:14 Castle Age
14:35 Double-Bit Axe
14:30 Horse Collar
16:31 Loom
17:05 Bow Saw
17:04 Heavy Plow
30:42 Wheelbarrow
33:59 Hand Cart
36:35 Imperial Age
33:51 Town Watch
34:11 Gold Mining
34:11 Stone Mining
34:59 Bloodlines
34:49 Husbandry
35:19 Scale Barding Armor
35:24 Forging
35:24 Fortified Bastions
36:33 Chain Barding Armor
38:39 Conscription
38:32 Elite Steppe Lancer
AJ老师
0:33 Loom
12:31 Feudal Age
12:51 Horse Collar
20:12 Castle Age
18:47 Double-Bit Axe
23:27 Wheelbarrow
26:11 Heavy Plow
26:22 Bow Saw
26:05 Gold Mining
31:07 Scale Barding Armor
36:27 Imperial Age
35:22 Husbandry
35:32 Bloodlines
37:17 Chain Barding Armor
37:44 Conscription
37:01 Elite Conquistador
38:56 Plate Barding Armor
38:46 Ballistics
42:01 Light Cavalry
44:32 Hoardings
2026
0:27 Loom
11:10 Feudal Age
11:45 Horse Collar
18:07 Castle Age
21:15 Wheelbarrow
22:03 Town Watch
26:03 Corvinian Army
31:13 Imperial Age
32:05 Bloodlines
32:02 Recurve Bow
33:43 Fletching
33:56 Husbandry
35:13 Bodkin Arrow
36:36 Ballistics
36:54 Bracer
36:47 Double-Bit Axe
38:42 Chemistry
38:30 Murder Holes
42:16 Scale Barding Armor
43:20 Chain Barding Armor
w
7:49 Loom
11:52 Feudal Age
16:51 Castle Age
14:49 Double-Bit Axe
15:41 Horse Collar
21:01 Bow Saw
24:43 Heavy Plow
25:51 Ballistics
27:20 Gold Mining
31:08 Gold Shaft Mining
31:26 Wheelbarrow
31:48 Bloodlines
31:38 Husbandry
38:29 Imperial Age
35:53 Fletching
36:15 Forging
37:03 Padded Archer Armor
37:18 Stone Mining
37:03 Pikeman
37:43 Squires
38:29 Silk Armor
38:55 Bodkin Arrow
39:15 Leather Archer Armor
41:25 Bracer
41:56 Ring Archer Armor
43:14 Hand Cart
avalperen2012
8:28 Loom
10:56 Feudal Age
11:22 Horse Collar
11:36 Double-Bit Axe
12:38 Wheelbarrow
22:36 Castle Age
23:28 Bow Saw
23:19 Heavy Plow
23:15 Gold Mining
23:22 Stone Mining
24:28 Hand Cart
24:41 Bloodlines
23:52 Light Cavalry
27:38 Forging
27:34 Scale Barding Armor
27:20 Fletching
27:31 Padded Archer Armor
28:54 Iron Casting
28:41 Chain Barding Armor
29:03 Ballistics
31:58 Imperial Age
29:40 Steppe Husbandry
32:38 Hussar
33:50 Conscription
33:43 Cuman Mercenaries
34:51 Chemistry
39:49 Bodkin Arrow
40:10 Leather Archer Armor
40:56 Blast Furnace
40:32 Plate Barding Armor
40:53 Hoardings
42:31 Ring Archer Armor
42:03 Scale Mail Armor
Archon
12:22 Feudal Age
12:45 Horse Collar
19:31 Castle Age
17:17 Loom
17:23 Double-Bit Axe
23:05 Bow Saw
23:24 Heavy Plow
30:14 Gold Mining
30:15 Stone Mining
35:24 Imperial Age
34:04 Stone Shaft Mining
35:11 Caravan
36:23 Wheelbarrow
35:34 Town Watch
37:03 Crop Rotation
37:36 Two-Man Saw
37:00 Elite Organ Gun
38:01 Conscription
37:43 Arquebus
38:05 Fortified Wall
37:44 Treadmill Crane
37:46 Pikeman
38:45 Forging
38:36 Scale Mail Armor
38:16 Halberdier
39:19 Fortified Wall
40:07 Iron Casting
41:17 Chemistry
40:45 Hand Cart
42:12 Blast Furnace
41:28 Chain Mail Armor
44:18 Siege Engineers
44:34 Ballistics
44:25 Masonry
MZTK | ___Jaque_mate
9:14 Feudal Age
14:24 Scale Barding Armor
14:32 Bloodlines
20:45 Castle Age
19:00 Forging
21:28 Loom
21:35 Loom
24:14 Wheelbarrow
23:24 Town Watch
23:28 Horse Collar
25:27 Double-Bit Axe
28:28 Heavy Plow
29:49 Husbandry
32:02 Fletching
33:11 Gold Mining
33:19 Bodkin Arrow
36:55 Imperial Age
34:44 Hand Cart
34:32 Padded Archer Armor
34:53 Chain Barding Armor
36:44 Town Patrol
37:28 Leather Archer Armor
37:11 Heavy Cavalry Archer
38:16 Parthian Tactics
38:20 Capped Ram
41:31 Plate Barding Armor
41:20 Siege Ram
lamanito6
10:11 Feudal Age
10:41 Double-Bit Axe
10:43 Horse Collar
18:12 Castle Age
18:39 Wheelbarrow
21:16 Loom
21:49 Stone Mining
21:50 Gold Mining
22:14 Bow Saw
22:15 Heavy Plow
25:25 Hand Cart
26:57 Forging
28:19 Scale Mail Armor
28:28 Scale Barding Armor
29:45 Iron Casting
29:32 Chain Barding Armor
35:40 Imperial Age
33:36 Husbandry
33:46 Bloodlines
35:45 Elite Monaspa
37:28 Blast Furnace
37:04 Plate Barding Armor
36:59 Aznauri Cavalry
Connection lost

Rejoining the realm…

Still unreachable

The connection could not be restored.

Session expired

The server has moved on; the page needs a fresh start.